 Dungeon Crawl Stone Soup version 0.21-a0-404-g291f19a (webtiles) character file.

112 kae the Firebug (level 4, -15/24 HPs)
             Began as a Tengu Fire Elementalist on Oct 26, 2017.
             Killed from afar by Ijyb (26 damage)
             ... with a wand of lightning (?/15)
             ... on level 3 of the Dungeon.
             The game lasted 00:03:03 (2584 turns).

kae the Firebug (Tengu Fire Elementalist)           Turns: 2584, Time: 00:03:04

Health: -15/24     AC:  2    Str:  8    XL:     4   Next: 93%
Magic:  6/9        EV: 13    Int: 16    God:
Gold:   94         SH:  0    Dex: 15    Spells: 6/9 levels left

rFire    . . .     SeeInvis .   l - +3 flail
rCold    . . .     Gourm    .   (no shield)
rNeg     . . .     Faith    .   a - +0 robe
rPois    .         Spirit   .   (helmet restricted)
rElec    .         Reflect  .   (no cloak)
rCorr    .         Harm     .   (no gloves)
MR       .....                  (boots unavailable)
Stlth    ++........             (no amulet)
HPRegen  0.08/turn              (no ring)
MPRegen  0.11/turn              (no ring)

@: no status effects
A: beak, talons 3
a: no special abilities


You were on level 3 of the Dungeon.
You were not hungry.

You visited 1 branch of the dungeon, and saw 3 of its levels.

You collected 94 gold pieces.

Inventory:

Hand Weapons
 d - a +0 club
 l - a +3 flail (weapon)
 u - a +0 short sword of electrocution
Armour
 a - a +0 robe (worn)
Scrolls
 e - a scroll of recharging {unknown}
 f - a scroll of identify {unknown}
 g - 3 scrolls of remove curse {unknown}
 h - 2 scrolls of immolation {unknown}
 m - a scroll of amnesia {unknown}
 p - 2 scrolls of fear {unknown}
 q - a scroll of teleportation {unknown}
Potions
 i - a potion of mutation {unknown}
 j - 2 potions of resistance {unknown}
 k - a potion of agility {unknown}
 n - 2 potions of curing
 o - a potion of heal wounds {unknown}
 r - a potion of cancellation {unknown}
 s - 3 potions of haste {unknown}
 t - a potion of invisibility {unknown}
 v - a potion of brilliance {unknown}
Books
 b - a book of Flames

   Spells                             Type                      Level
   a - Flame Tongue                   Conjuration/Fire             1
   b - Throw Flame                    Conjuration/Fire             2
   c - Conjure Flame                  Conjuration/Fire             3
   d - Inner Flame                    Hexes/Fire                   3
   e - Sticky Flame                   Conjuration/Fire             4
   f - Fireball                       Conjuration/Fire             5
Comestibles
 c - 2 bread rations
 w - a chunk of flesh


   Skills:
 - Level 2.1 Dodging
 - Level 2.0 Stealth
 + Level 3.0 Spellcasting
 + Level 3.5 Conjurations
 + Level 4.4 Fire Magic


You had 6 spell levels left.
You knew the following spells:

 Your Spells              Type           Power        Failure   Level  Hunger
a - Flame Tongue          Conj/Fire      ###..        3%          1    #......
b - Throw Flame           Conj/Fire      ###...       5%          2    ##.....


Dungeon Overview and Level Annotations

Branches:
Dungeon (3/15)

Altars:
Kikubaaqudgha
Xom

Annotations:
D:3 Ijyb


Innate Abilities, Weirdness & Mutations

You have a beak for a mouth.
You have claws for feet.


Message History

Ijyb is lightly wounded.
Ijyb hits you with a dagger.
Casting: Flame Tongue
Confirm with . or Enter, or press ? or * to list all spells.
Aiming: Flame Tongue
Press: ? - help, Shift-Dir - straight line, f/p - Ijyb
Aim: Ijyb, wielding a dagger, wearing a runed chain mail and carrying a wand of lightning (?/15) {zapped: 1} The flame tongue hits Ijyb.
Ijyb resists.
Ijyb is lightly wounded.
Ijyb zaps a wand.
The bolt of lightning hits you!
Casting: Flame Tongue
Confirm with . or Enter, or press ? or * to list all spells.
Aiming: Flame Tongue
Press: ? - help, Shift-Dir - straight line, f/p - Ijyb
Aim: Ijyb, wielding a dagger, wearing a runed chain mail and carrying a wand of lightning (?/15) {zapped: 2} (lightly wounded)
The flame tongue hits Ijyb.
Ijyb appears unharmed.
Ijyb is lightly wounded.
Ijyb zaps a wand.
The bolt of lightning hits you!
Ouch! That really hurt!
You die...

####...........
.###....#...##....
.....###...##..### #.
##.......##.†.# #..
............##### .. g
###...#..........# .# .##
..#..............##.# #...
#................#..##....
##...##.........@#.#......
.................g.....<#
...#.#...........#..#####
#....#..............#
##..................#
##...##............##
#....##............####
#........#.##.........#
#.)...####.....###.....#


You could see Ijyb.

Vanquished Creatures
  Natasha (twice) (D:2)
  2 adders
  A worm (D:2)
  2 dart slugs
  An orc (D:3)
  2 ball pythons
  A giant cockroach (D:3)
  4 goblins
  6 hobgoblins
  2 quokkas (D:2)
  9 bats
  A frilled lizard (D:2)
  3 kobolds
  5 rats
41 creatures vanquished.

Notes
Turn   | Place    | Note
-------+----------+-------------------------------------------
     0 | D:1      | kae the Tengu Fire Elementalist began the quest for the Orb.
     0 | D:1      | Reached XP level 1. HP: 10/10 MP: 4/4
   409 | D:1      | Reached XP level 2. HP: 15/15 MP: 4/6
   469 | D:1      | Learned a level 2 spell: Throw Flame
  1336 | D:2      | Reached XP level 3. HP: 19/19 MP: 1/7
  1393 | D:2      | Noticed Natasha
  1497 | D:2      | Found a shimmering altar of Xom.
  1498 | D:2      | Found a shimmering altar of Xom.
  1501 | D:2      | You fall through a shaft!
  1794 | D:2      | Found an ancient bone altar of Kikubaaqudgha.
  1824 | D:2      | Reached skill level 4 in Fire Magic
  1940 | D:2      | Killed Natasha
  1940 | D:2      | Reached XP level 4. HP: 24/24 MP: 5/9
  2093 | D:2      | Noticed Natasha
  2099 | D:2      | Killed Natasha
  2277 | D:2      | Found a faded altar of an unknown god.
  2572 | D:3      | Noticed Ijyb
  2584 | D:3      | Killed from afar by Ijyb

Vault maps used:
D:1:      lightli_arrival_farm
D:2:      cheibrodos_old_hovel, lemuel_crystal_altar,
          chequers_ecumenical_altar_lobes, xom_redecorated, uniq_natasha
D:3:      lemuel_upstairs_altar, amethyst_overflow_temple_binary,
          minmay_statues_item, uniq_ijyb

Skill      XL: |  1  2  3  4 |
---------------+-------------+-----
Conjurations   | 2 3 |  3.5
Fire Magic     | 4 |  4.4
Spellcasting   | 3 |  3.0
Dodging        | |  2.1
Stealth        | |  2.0

Action                   |  1- 3 |  4- 6 || total
-------------------------+-------+-------++-------
Melee: Club              |    14 |       ||    14
       Peck              |     4 |       ||     4
       Kick              |     3 |       ||     3
       Flail             |     5 |    10 ||    15
 Cast: Flame Tongue      |    50 |    25 ||    75
 Stab: Sleeping          |     4 |     2 ||     6
  Eat: Chunk             |     4 |     2 ||     6
Armor: Robe              |    14 |     1 ||    15
Dodge: Dodged            |    50 |    19 ||    69

Table legend:
 A = Spawn XP
 B = Non-spawn XP
 C = Spawn XP percentage of total XP
 D = Spawn monster count
 E = Non-spawn monster count
 F = Spawn count percentage of total count
 G = Total turns spent on level
                    A         B        C        D         E        F      G
               +---------+---------+-------+---------+---------+-------+---------
         Total |       0 |     160 |   0.0 |       0 |      41 |   0.0 |  2584
               +---------+---------+-------+---------+---------+-------+---------
           D:1 |       0 |      23 |   0.0 |       0 |      12 |   0.0 |  1173
           D:2 |       0 |     111 |   0.0 |       0 |      20 |   0.0 |  1139
           D:3 |       0 |      26 |   0.0 |       0 |       9 |   0.0 |   272
               +---------+---------+-------+---------+---------+-------+---------
